 Dungeon Crawl Stone Soup version 0.22-b1-26-g9dbaab1 (webtiles) character file.

572 Doobh the Sneak (level 7, -1/41 HPs)
             Began as a Kobold Assassin on Aug 9, 2018.
             Succumbed to a water moccasin's poison
             ... on level 5 of the Dungeon.
             The game lasted 00:13:11 (5170 turns).

Doobh the Sneak (Kobold Assassin)                   Turns: 5170, Time: 00:13:12

Health: -1/41      AC:  5    Str: 13    XL:     7   Next: 61%
Magic:  7/7        EV: 22    Int: 17    God:
Gold:   168        SH:  0    Dex: 24    Spells: 4/6 levels left

rFire    . . .     SeeInvis .   b - +0 blowgun
rCold    . . .     Gourm    .   (shield restricted)
rNeg     . . .     Faith    .   c - +0 robe
rPois    .         Spirit   .   (no helmet)
rElec    .         Reflect  .   d - +0 cloak
rCorr    .         Harm     .   w - +0 pair of gloves
MR       .....                  m - +0 pair of boots
Stlth    +++++.....             (no amulet)
HPRegen  0.13/turn              (no ring)
MPRegen  0.10/turn              (no ring)

@: mighty, brilliant, agile, lethally poisoned (-1 -> -23)
A: small, carnivore
a: no special abilities


You were on level 5 of the Dungeon.
You were very full.

You visited 1 branch of the dungeon, and saw 5 of its levels.

You collected 168 gold pieces.

Inventory:

Hand Weapons
 a - a +2 dagger
 b - a +0 blowgun (weapon)
Missiles
 e - 50 poisoned needles (quivered)
Armour
 c - a +0 robe (worn)
 d - a +0 cloak (worn)
 m - a +0 pair of boots (worn)
 w - a +0 pair of gloves (worn)
Jewellery
 v - an uncursed ring of flight {unknown}
Wands
 q - a wand of flame (19)
Scrolls
 h - 4 scrolls of remove curse
 i - 5 scrolls of identify {unknown}
 j - 6 scrolls of teleportation {unknown}
 k - a scroll of fear {unknown}
 n - a scroll of magic mapping {unknown}
 p - a scroll of blinking {unknown}
 r - a scroll of enchant weapon {unknown}
 t - a scroll of enchant armour {unknown}
 u - a scroll of amnesia {unknown}
Potions
 l - a potion of agility
Comestibles
 g - 9 rations


   Skills:
 + Level 3.6 Fighting
 * Level 6.0 Short Blades
 + Level 3.7 Throwing
 + Level 3.4 Dodging
 + Level 6.6 Stealth
 * Level 2.7 Hexes


You had 4 spell levels left.
You knew the following spells:

 Your Spells              Type           Power        Failure   Level  Hunger
a - Ensorcelled Hibernat  Hex/Ice        ##....       2%          2    ###....

Your spell library contained the following spells:

 Spells                   Type           Power        Failure   Level  Hunger
 Confuse                  Hex            ###.....     2%          3    ####...
 Tukima's Dance           Hex            ###.....     2%          3    ####...
 Corona                   Hex            ###....      1%          1    ##.....
 Dazzling Spray           Conj/Hex       ##....       4%          3    ####...


Dungeon Overview and Level Annotations

Branches:
Dungeon (5/15)             Temple (0/1) D:5

Altars:
Cheibriados
Fedhas
Gozag
Kikubaaqudgha
Okawaru
Qazlal
Trog
Yredelemnul

Shops:
D:4 *

Annotations:
D:4 2 transporters, exclusion: oklob plant, Lucherd's ghost, amateur HaWr


Innate Abilities, Weirdness & Mutations

You are small and have problems with some larger weapons.
You are carnivorous and can eat meat at any time.


Message History

The water moccasin misses you.
Wield which item (- for none, * to show all)? (? for menu, Esc to quit)
Okay, then.
As you read the scroll labeled MIBRYE LEMADOQ, it crumbles to dust.
You feel as if something is helping you.
It was a scroll of remove curse.
* * * LOW HITPOINT WARNING * * *
You feel sick.
The water moccasin bites you but does no damage. x2
Okay, then.
Unknown command.
* * * LOW HITPOINT WARNING * * *
You feel very sick.
* * * LOW HITPOINT WARNING * * *
You feel sick.
* * * LOW HITPOINT WARNING * * *
You feel sick. The water moccasin misses you.
* * * LOW HITPOINT WARNING * * *
You feel sick.
You die...

#..........###
...........#####
#..............### .#
##########.......# #.#
#####.....#.# #.#
.......(..# #########.# ###
..........# ..........# #[.
.........)######.......# #..
...........@.S...(....(# #.#
..........#####........###.#
..........# #...............
..........# #...............
#####.....# #...............
.......# #...............
........ #...............
....... #...............
#...............


You could see a water moccasin.

Vanquished Creatures
  An ice beast (D:5)
  An ogre (D:4)
  A gnoll sergeant (D:3)
  A crimson imp (D:5)
  A hound (D:5)
  Crazy Yiuf (D:4)
  2 iguanas
  6 gnolls
  4 adders
  An ooze (D:1)
  A dart slug (D:2)
  3 worms
  3 leopard geckos
  2 orcs
  8 bats
  2 giant cockroaches
  6 goblins
  9 hobgoblins
  10 jackals
  2 quokkas
  8 frilled lizards
  9 kobolds
  11 rats
  A spectral orc (D:2)
94 creatures vanquished.

Vanquished Creatures (others)
  15 toadstools (D:4)
15 creatures vanquished.

Grand Total: 109 creatures vanquished

Notes
Turn   | Place    | Note
-------+----------+-------------------------------------------
     0 | D:1      | Doobh the Kobold Assassin began the quest for the Orb.
     0 | D:1      | Reached XP level 1. HP: 12/12 MP: 1/1
   160 | D:1      | Reached XP level 2. HP: 18/18 MP: 2/2
   618 | D:1      | Reached XP level 3. HP: 22/22 MP: 3/3
  1644 | D:2      | Reached XP level 4. HP: 27/27 MP: 4/4
  1886 | D:2      | Found an iron altar of Okawaru.
  2116 | D:2      | Found a basalt altar of Yredelemnul.
  2270 | D:3      | Found a stormy altar of Qazlal.
  2313 | D:3      | Reached XP level 5. HP: 30/32 MP: 5/5
  2341 | D:3      | Found a snail-covered altar of Cheibriados.
  2566 | D:3      | Learned a level 2 spell: Ensorcelled Hibernation
  3082 | D:4      | Reached skill level 1 in Hexes
  3329 | D:4      | Found an iron altar of Okawaru.
  3332 | D:4      | Found an ancient bone altar of Kikubaaqudgha.
  3352 | D:4      | Reached XP level 6. HP: 37/37 MP: 6/6
  3365 | D:4      | Found a bloodstained altar of Trog.
  3966 | D:3      | Reached skill level 5 in Short Blades
  4080 | D:4      | Found an opulent altar of Gozag.
  4080 | D:4      | Found Gozag's Platinum Reserve.
  4109 | D:4      | Found a transporter.
  4111 | D:4      | Noticed Lucherd's ghost (amateur HaWr)
  4124 | D:4      | Found a transporter.
  4159 | D:4      | Noticed an ogre
  4161 | D:4      | Killed an ogre
  4190 | D:4      | Found a blossoming altar of Fedhas.
  4209 | D:4      | Noticed an oklob plant
  4271 | D:4      | Found a runed door.
  4552 | D:4      | Noticed Crazy Yiuf
  4556 | D:4      | Killed Crazy Yiuf
  4556 | D:4      | Reached XP level 7. HP: 41/41 MP: 7/7
  4593 | D:5      | Entered Level 5 of the Dungeon
  5133 | D:5      | Found a staircase to the Ecumenical Temple.
  5133 | D:5      | Noticed a water moccasin
  5169 | D:5      | HP: 1/41 [poisoned by a water moccasin]
  5170 | D:5      | Succumbed to a water moccasin's poison

Skill      XL: |  1  2  3  4  5  6  7 |
---------------+----------------------+-----
Short Blades   | 3 4 5 6 |  6.0
Dodging        | 2 3 |  3.4
Throwing       | 3 |  3.7
Fighting       | 3 |  3.6
Stealth        | 6 |  6.6
Hexes          | 1 2 |  2.7

Action                   |  1- 3 |  4- 6 |  7- 9 || total
-------------------------+-------+-------+-------++-------
Melee: Dagger            |   139 |    92 |   118 ||   349
 Fire: Blowgun           |       |    56 |     8 ||    64
  Use: Potion            |       |       |     4 ||     4
       Scroll            |       |       |     1 ||     1
 Stab: Sleeping          |    17 |    12 |     3 ||    32
  Eat: Chunk             |    11 |     8 |     2 ||    21
Armor: Robe              |    19 |    17 |    26 ||    62
Dodge: Dodged            |   104 |   107 |    91 ||   302
